[Event "Titled Tuesday Blitz April 11 Early 2023"]
[White "Nazari, Arad"]
[Black "Havas, Ladislav"]
[WhiteFideId "12577324"]
[BlackFideId "14501090"]
[WhiteElo "2242"]
[BlackElo "2202"]
[Result "1-0"]
[Round "02"]
[TimeControl "180+2"]
[Date "2023.04.11"]
[WhiteClock "0:00:15"]
[BlackClock "0:00:50"]

1. e4 Nf6 2. e5 Nd5 3. d4 d6 4. c4 Nb6 5. f4 dxe5 6. fxe5 c5 7. d5 e6 8. Nc3 exd5 9. cxd5 c4 10. Bf4 Bb4 11. d6 Nc6 12. Nf3 O-O 13. Be2 Bc5 14. a3 Re8 15. Ne4 Nd7 16. Nxc5 Nxc5 17. Bxc4 Bg4 18. O-O Ne6 19. Bg3 Qb6+ 20. Kh1 Qxb2 21. Rb1 Qxa3 22. Rxb7 Rf8 23. h3 Bh5 24. Qd5 Na5 25. Be2 Nxb7 26. Qxb7 Rab8 27. Qe4 Bg6 28. Qd5 Qc5 29. Qd2 Qb4 30. Qe3 a5 31. Ng5 Nxg5 32. Qxg5 h6 33. Qe3 Qb3 34. Qf2 a4 35. Bg4 a3 36. d7 a2 37. e6 fxe6 38. Qxf8+ Rxf8 39. Rxf8+ Kxf8 40. d8=Q+ Be8 41. Bd6+ Kf7 42. Qe7+ Kg6 43. Qxe8+ Kh7 44. Be5 Qb1+ 45. Kh2 a1=Q 46. Bxa1 Qxa1 47. Qxe6 Qa7 48. Bf5+ 1-0


[Site "https://www.chess.com"]

[Event "Titled Tuesday Blitz April 11 Early 2023"]
[White "Novikova, Galina"]
[Black "Aldokhin, Ivan"]
[WhiteFideId "4157095"]
[BlackFideId "24115720"]
[WhiteElo "1953"]
[BlackElo "2322"]
[Result "1-0"]
[Round "02"]
[TimeControl "180+2"]
[Date "2023.04.11"]
[WhiteClock "0:00:10"]
[BlackClock "0:00:12"]

1. e4 c5 2. Nf3 e6 3. b4 cxb4 4. a3 b3 5. cxb3 d5 6. e5 Nc6 7. d4 f6 8. Bd3 fxe5 9. dxe5 Nge7 10. O-O Ng6 11. Bxg6+ hxg6 12. Qd3 Ne7 13. Bg5 Bd7 14. Nc3 Rc8 15. Rac1 a6 16. a4 Qa5 17. Bxe7 Bxe7 18. Qxg6+ Kf8 19. Ne2 Rh6 20. Qg4 Kg8 21. Rxc8+ Bxc8 22. Ng3 Qd8 23. Rc1 Bd7 24. h3 Be8 25. Qd4 Qa5 26. Rc8 Bd8 27. Qa7 Bd7 28. Rb8 Kf8 29. Qa8 Ke8 30. Qxb7 Qc3 31. Qa8 Qa5 32. Nd4 Rg6 33. Nc6 Bxc6 34. Qxc6+ Kf8 35. Qd6+ Ke8 36. Qc6+ Ke7 37. Qd6+ Ke8 38. Nh5 Rg5 39. Nf4 Qe1+ 40. Kh2 Qxe5 41. Qxd8+ Kf7 42. g3 g6 43. Qe8+ Kg7 44. Qh8+ Kf7 45. Qxe5 Rxe5 46. Rb7+ Kf6 47. Nd3 Re4 48. Kg2 Rd4 49. Nf4 e5 50. Ne2 Rd2 51. Nc3 Kf5 52. g4+ Kf4 53. Rf7+ Kg5 54. Rd7 e4 55. Nxe4+ dxe4 56. Rxd2 Kf4 57. Rd6 g5 58. Kf1 Ke5 59. Rxa6 Kf4 60. Rf6+ Ke5 61. Rf8 Kd4 62. a5 e3 63. a6 Kd3 64. Rd8+ Ke4 65. Re8+ Kd3 66. fxe3 Kc2 67. a7 Kc3 68. b4 Kb2 69. b5 Kb3 70. b6 Kb2 71. b7 Kc2 72. Rc8+ Kd2 73. e4 Kd3 74. e5 Ke3 75. e6 Kf3 76. e7 Kg3 77. Rc3+ Kh2 78. Rc2+ Kh1 79. Ke2 Kg2 80. e8=Q Kg1 81. Qe3+ Kg2 82. Kd3+ Kh1 83. Qc1# 1-0


[Site "https://www.chess.com"]

[Event "Titled Tuesday Blitz April 11 Early 2023"]
[White "Biriukov, Ilja"]
[Black "Tan, Zhongyi"]
[WhiteFideId "4113373"]
[BlackFideId "8603642"]
[WhiteElo "2426"]
[BlackElo "2519"]
[Result "0-1"]
[Round "02"]
[TimeControl "180+2"]
[Date "2023.04.11"]
[WhiteClock "0:00:05"]
[BlackClock "0:00:08"]

1. d4 d5 2. Nc3 c5 3. Nf3 Nf6 4. Bf4 e6 5. e3 a6 6. Bd3 Nc6 7. O-O c4 8. Be2 Bd6 9. Ne5 Qc7 10. Nxc6 bxc6 11. Bxd6 Qxd6 12. Na4 O-O 13. b3 cxb3 14. axb3 a5 15. Nc5 e5 16. Qd2 exd4 17. exd4 Re8 18. Bf3 Bg4 19. Bxg4 Nxg4 20. g3 Ne5 21. Qf4 Qf8 22. Nb7 Ng6 23. Qg5 h6 24. Qd2 Qb4 25. Qxb4 axb4 26. Nc5 Ne7 27. Rfe1 Rxa1 28. Rxa1 Nf5 29. Nd3 Nxd4 30. Nxb4 Re2 31. Rc1 Rd2 32. Kf1 Kf8 33. Ke1 Nf3+ 34. Kf1 c5 35. Kg2 Nxh2 36. Nxd5 Ng4 37. Nf4 Rxf2+ 38. Kg1 Rd2 39. b4 cxb4 40. Rb1 Rxc2 41. Rxb4 Ne3 42. Rb8+ Ke7 43. Rb7+ Kf6 44. Rb6+ Kf5 45. Rb7 g5 46. Rxf7+ Kg4 47. Nd3 Kxg3 48. Rf1 Nxf1 49. Kxf1 Rd2 50. Ne5 Rf2+ 51. Ke1 h5 52. Nd3 Ra2 53. Ne5 h4 54. Nd3 h3 0-1


[Site "https://www.chess.com"]

[Event "Titled Tuesday Blitz April 11 Early 2023"]
[White "Orujov2008"]
[Black "Dronavalli, Harika"]
[BlackFideId "5015197"]
[WhiteElo "2305"]
[BlackElo "2432"]
[Result "0-1"]
[Round "02"]
[TimeControl "180+2"]
[Date "2023.04.11"]
[WhiteClock "0:00:02"]
[BlackClock "0:00:34"]

1. e4 g6 2. d4 Bg7 3. Nc3 d6 4. Nf3 a6 5. Be3 b5 6. h4 h6 7. h5 g5 8. Be2 Bb7 9. a4 b4 10. Na2 a5 11. c3 bxc3 12. Nxc3 Nf6 13. d5 c5 14. O-O O-O 15. Nd2 Nbd7 16. Nc4 Ba6 17. Na3 Bxe2 18. Qxe2 Ne5 19. f4 gxf4 20. Bxf4 Neg4 21. Nc4 Rb8 22. Rf3 Nxh5 23. Raf1 Bd4+ 24. Kh1 e5 25. Bh2 Rb4 26. Rh3 Qg5 27. Rf5 Qc1+ 28. Rf1 Qxf1+ 29. Qxf1 Nf2+ 30. Kg1 Nxh3+ 31. Kh1 Nf2+ 32. Kg1 Nxe4+ 33. Kh1 Nhg3+ 34. Bxg3 Nxg3+ 0-1


[Site "https://www.chess.com"]

[Event "Titled Tuesday Blitz April 11 Early 2023"]
[White "Risteski, Emil"]
[Black "MunichMouse"]
[WhiteFideId "15005267"]
[WhiteElo "2251"]
[BlackElo "2302"]
[Result "1/2-1/2"]
[Round "02"]
[TimeControl "180+2"]
[Date "2023.04.11"]
[WhiteClock "0:00:08"]
[BlackClock "0:00:13"]

1. Nf3 Nf6 2. g3 g6 3. Bg2 c5 4. O-O Bg7 5. d3 O-O 6. e4 d6 7. Re1 e5 8. Nc3 h6 9. Nd2 Nc6 10. Nc4 Ne8 11. a4 f5 12. f4 Be6 13. Nd5 Qd7 14. c3 Rd8 15. Be3 b6 16. Qd2 Kh7 17. Rad1 Ne7 18. Qc2 Nxd5 19. exd5 Bg8 20. b4 cxb4 21. cxb4 Rc8 22. Qb3 Nf6 23. fxe5 Nxd5 24. Bf2 dxe5 25. b5 Rce8 26. a5 bxa5 27. Qa3 Rb8 28. Nxe5 Qxb5 29. Bxa7 Rbe8 30. Nc4 Nb4 31. Qxa5 Rxe1+ 32. Rxe1 Qxa5 33. Nxa5 Nxd3 34. Re7 Rf7 35. Rxf7 Bxf7 36. Nc6 Ne5 37. Nxe5 Bxe5 38. Be3 Kg7 39. Kf2 g5 40. h3 Kf6 41. Bf3 Bc4 42. Bg2 f4 43. gxf4 gxf4 44. Bc5 Kf5 45. Bf3 Bf7 46. Bg4+ Ke4 47. Bf3+ Kd3 48. Bb6 h5 49. Ba7 h4 50. Bb6 Be6 51. Bd8 Bxh3 52. Bxh4 Bd4+ 53. Ke1 Bc3+ 54. Kf2 Bd4+ 55. Ke1 Be3 56. Bf2 Kd4 57. Bxe3+ Kxe3 58. Bh5 Bg2 59. Bg4 Bf3 60. Bd7 Be4 61. Bg4 Bf3 62. Bd7 Bh5 63. Bc6 f3 64. Bxf3 1/2-1/2


[Site "https://www.chess.com"]

[Event "Titled Tuesday Blitz April 11 Early 2023"]
[White "La Villa Rivas, Marlon Javier"]
[Black "Karthikeyan, Murali"]
[WhiteFideId "3519546"]
[BlackFideId "5074452"]
[WhiteElo "2135"]
[BlackElo "2523"]
[Result "0-1"]
[Round "02"]
[TimeControl "180+2"]
[Date "2023.04.11"]
[WhiteClock "0:00:27"]
[BlackClock "0:01:52"]

1. e4 c5 2. Nf3 Nc6 3. Bb5 d6 4. d4 cxd4 5. Qxd4 Bd7 6. Bxc6 Bxc6 7. Nc3 e5 8. Qd3 h6 9. Be3 Nf6 10. O-O-O Rc8 11. h3 Qa5 12. Kb1 b5 13. g4 b4 14. Nd5 Bxd5 15. exd5 e4 16. Qd4 exf3 17. g5 hxg5 18. Bxg5 Be7 19. Rhe1 Qc7 20. Qxb4 Qxc2+ 21. Ka1 O-O 22. Rc1 Qxf2 23. Rxe7 Nxd5 24. Qe1 Qg2 25. Rxc8 Rxc8 26. Re8+ Rxe8 27. Qxe8+ Kh7 28. Qe4+ g6 29. Qh4+ Kg8 30. a3 f2 0-1


[Site "https://www.chess.com"]

[Event "Titled Tuesday Blitz April 11 Early 2023"]
[White "Chabris, Christopher"]
[Black "Iliaguev, Nisim"]
[WhiteFideId "2005263"]
[BlackFideId "2817276"]
[WhiteElo "2280"]
[BlackElo "2241"]
[Result "0-1"]
[Round "02"]
[TimeControl "180+2"]
[Date "2023.04.11"]
[WhiteClock "0:00:01"]
[BlackClock "0:01:57"]

1. e4 c6 2. d4 d5 3. e5 Bf5 4. Nf3 e6 5. Be2 Ne7 6. O-O h6 7. a4 c5 8. dxc5 Nec6 9. Be3 Nd7 10. Bb5 Bxc5 11. Bxc5 Nxc5 12. Nd4 O-O 13. Bxc6 bxc6 14. Nxf5 exf5 15. Qf3 Qg5 16. g3 Ne4 17. h4 Qg6 18. Ra3 Rfe8 19. Qf4 Rab8 20. Nc3 Rxb2 21. Nxe4 fxe4 22. Rc3 Qe6 23. Qe3 Qxe5 24. Rxc6 d4 25. Qa3 Rbb8 26. a5 e3 27. f4 Qe4 28. Qd6 Rbd8 29. Qc5 e2 30. Re1 Qe3+ 31. Kg2 Qd2 0-1


[Site "https://www.chess.com"]

[Event "Titled Tuesday Blitz April 11 Early 2023"]
[White "Schuh, Karsten"]
[Black "Iskusnyh, Sergei"]
[WhiteFideId "4637950"]
[BlackFideId "4120027"]
[WhiteElo "2138"]
[BlackElo "2492"]
[Result "0-1"]
[Round "02"]
[TimeControl "180+2"]
[Date "2023.04.11"]
[WhiteClock "0:00:01"]
[BlackClock "0:00:03"]

1. Nf3 d5 2. c4 c6 3. b3 Nf6 4. Bb2 Bf5 5. g3 e6 6. Bg2 Be7 7. O-O O-O 8. d3 h6 9. Nbd2 a5 10. a3 Nbd7 11. Ra2 Re8 12. Qa1 Bf8 13. Bc3 b5 14. Nd4 Qb6 15. cxd5 Nxd5 16. Nxf5 exf5 17. Bxd5 cxd5 18. Nf3 f4 19. Bd4 Qg6 20. Rc2 fxg3 21. hxg3 Ra6 22. Kg2 Rae6 23. Re1 b4 24. a4 Nf6 25. Bxf6 Rxf6 26. Qd1 Qg4 27. Nh2 Qf5 28. Nf3 g5 29. e3 Qd7 30. Rh1 Bg7 31. Nd4 Rg6 32. Nf3 Bc3 33. d4 Qf5 34. Ne5 Rge6 35. Rc1 Kg7 36. Qh5 R8e7 37. Qf3 Qxf3+ 38. Kxf3 Re8 39. Nd3 f6 40. Rh2 Kg6 41. Rch1 Rh8 42. Nc5 Re7 43. g4 Rf7 44. Ke2 Rfh7 45. Nd3 Rf7 46. Nc5 Re7 47. Kd3 Ree8 48. Ke2 Re7 49. Nd3 Bxd4 50. Kd2 Bc3+ 51. Ke2 Rc7 52. f4 Re7 53. f5+ Kg7 54. Kf3 Rhe8 55. Re2 Bd4 56. Rhe1 Bc3 57. Rf1 Re4 58. Nc5 R4e7 59. Ne6+ Rxe6 60. fxe6 Rxe6 61. Rd1 Re5 62. Rd3 f5 63. gxf5 Rxf5+ 64. Kg4 Kg6 65. e4 Rf4+ 66. Kg3 dxe4 67. Rd6+ Kf5 68. Rxh6 Rf3+ 69. Kg2 Be5 70. Rh7 Rxb3 71. Rf7+ Kg4 72. Rxe4+ Bf4 73. Ra7 Rb2+ 74. Kh1 Kf3 0-1


[Site "https://www.chess.com"]

[Event "Titled Tuesday Blitz April 11 Early 2023"]
[White "Ingebretsen, Jens E"]
[Black "morozcoma"]
[WhiteFideId "1522965"]
[WhiteElo "2213"]
[BlackElo "2267"]
[Result "1-0"]
[Round "02"]
[TimeControl "180+2"]
[Date "2023.04.11"]
[WhiteClock "0:01:45"]
[BlackClock "0:01:20"]

1. d4 d5 2. Nf3 Nf6 3. b3 g6 4. Bb2 Bg7 5. e3 O-O 6. Be2 c5 7. O-O cxd4 8. exd4 Nc6 9. Re1 Bf5 10. a3 Rc8 11. Bd3 Qd7 12. b4 Ne4 13. c4 e6 14. c5 f6 15. Nc3 Nxc3 16. Bxc3 Rce8 17. b5 Nd8 18. Bb4 Rf7 19. Rc1 e5 20. c6 bxc6 21. bxc6 Qc7 22. Bxf5 gxf5 23. dxe5 fxe5 24. Qxd5 e4 25. Ng5 Ne6 26. Nxf7 Kxf7 27. Qxf5+ Kg8 28. Rxe4 1-0


[Site "https://www.chess.com"]

[Event "Titled Tuesday Blitz April 11 Early 2023"]
[White "Vysochin, Spartak"]
[Black "Barwinska, Ewa"]
[WhiteFideId "14103516"]
[BlackFideId "21833761"]
[WhiteElo "2367"]
[BlackElo "1908"]
[Result "1-0"]
[Round "02"]
[TimeControl "180+2"]
[Date "2023.04.11"]
[WhiteClock "0:00:53"]
[BlackClock "0:00:53"]

1. e4 c5 2. c3 Nf6 3. e5 Nd5 4. d4 cxd4 5. cxd4 d6 6. Bc4 Nb6 7. Bb3 dxe5 8. Qh5 e6 9. dxe5 Bb4+ 10. Nc3 Qc7 11. Bd2 Nc6 12. Nf3 O-O 13. O-O Nd7 14. Rfe1 Rd8 15. Bg5 Be7 16. Bxe7 Nxe7 17. Ng5 Ng6 18. Qxh7+ Kf8 19. Nxf7 Kxf7 20. Bxe6+ Kxe6 21. Qxg6+ 1-0


[Site "https://www.chess.com"]

[Event "Titled Tuesday Blitz April 11 Early 2023"]
[White "ilya2700"]
[Black "Zhu, Jiner"]
[BlackFideId "8608059"]
[WhiteElo "2257"]
[BlackElo "2384"]
[Result "0-1"]
[Round "02"]
[TimeControl "180+2"]
[Date "2023.04.11"]
[WhiteClock "0:00:02"]
[BlackClock "0:00:56"]

1. d4 Nf6 2. c4 g6 3. Nc3 Bg7 4. e4 d6 5. f4 c5 6. d5 O-O 7. Nf3 e6 8. Be2 exd5 9. cxd5 Re8 10. Nd2 Na6 11. O-O Nc7 12. a4 Rb8 13. Kh1 a6 14. a5 Bd7 15. e5 dxe5 16. fxe5 Nfxd5 17. Bc4 Be6 18. Nce4 Ne3 19. Bxe6 Nxd1 20. Bxf7+ Kh8 21. Bxe8 Qxe8 22. Nd6 Qe6 23. Rxd1 Bxe5 24. N2c4 Bg7 25. Bg5 Rf8 26. h3 Nb5 27. Re1 Qd5 28. Bh4 Nxd6 29. Nxd6 Qxd6 30. Rad1 Qf4 31. Be7 Re8 32. Bxc5 Rxe1+ 33. Rxe1 h5 34. b4 Be5 35. Kg1 Qh2+ 36. Kf1 Qh1+ 37. Ke2 Qxg2+ 38. Kd1 Qd5+ 39. Kc2 Qc4+ 40. Kd1 Qd3+ 41. Kc1 Bf4+ 42. Kb2 Qd2+ 43. Kb3 Qxe1 44. h4 Be5 45. Kc4 Qxh4+ 46. Kd5 Qf4 47. b5 h4 48. bxa6 bxa6 49. Kc6 h3 50. Kb7 h2 51. Bb6 h1=Q+ 52. Ka7 Qf7+ 53. Kxa6 Qhf1# 0-1


[Site "https://www.chess.com"]

[Event "Titled Tuesday Blitz April 11 Early 2023"]
[White "Dylag, Emilia"]
[Black "Rakhmatullaev, Almas"]
[WhiteFideId "21805172"]
[BlackFideId "14205793"]
[WhiteElo "1878"]
[BlackElo "2221"]
[Result "0-1"]
[Round "02"]
[TimeControl "180+2"]
[Date "2023.04.11"]
[WhiteClock "0:00:01"]
[BlackClock "0:00:23"]

1. d4 Nf6 2. c4 g6 3. g3 Bg7 4. Bg2 O-O 5. Nf3 d6 6. O-O c6 7. Nc3 Bf5 8. Nh4 Be6 9. b3 d5 10. c5 Qc8 11. Re1 Bh3 12. Bh1 Re8 13. e4 dxe4 14. Nxe4 Nxe4 15. Bxe4 Nd7 16. Bg5 e5 17. Be3 Nf6 18. Bg2 Bxg2 19. Nxg2 Nd5 20. dxe5 Rxe5 21. Bd4 Rxe1+ 22. Nxe1 Qf5 23. Bxg7 Kxg7 24. Qd4+ Qf6 25. Nc2 Re8 26. Qxf6+ Kxf6 27. Kf1 h6 28. Re1 Rd8 29. Rd1 h5 30. a3 Re8 31. Re1 Re5 32. Rxe5 Kxe5 33. Ke2 h4 34. Kd3 h3 35. f4+ Kf5 36. Ne3+ Ke6 37. Nc4 Nf6 38. Nd6 Ng4 39. Ne4 f6 40. Ke2 Kd5 41. Nd6 Nxh2 42. Kf2 Ng4+ 43. Kg1 h2+ 44. Kh1 b6 45. cxb6 axb6 46. Nc4 b5 47. Nd2 c5 48. Nf3 c4 49. bxc4+ bxc4 50. Nd2 c3 51. Nb3 c2 52. Nc1 Kc4 0-1


[Site "https://www.chess.com"]

[Event "Titled Tuesday Blitz April 11 Early 2023"]
[White "Hajiyev, Kanan"]
[Black "Bacrot, Etienne"]
[WhiteFideId "13404148"]
[BlackFideId "605506"]
[WhiteElo "2103"]
[BlackElo "2663"]
[Result "1-0"]
[Round "02"]
[TimeControl "180+2"]
[Date "2023.04.11"]
[WhiteClock "0:00:04"]
[BlackClock "0:00:01"]

1. d4 Nf6 2. Nf3 e6 3. c4 c5 4. e3 cxd4 5. Nxd4 a6 6. Nc3 Qc7 7. Be2 b6 8. O-O Bb7 9. b3 h5 10. Bb2 Ng4 11. g3 Nc6 12. Bf3 Be7 13. Nxc6 Bxc6 14. Rc1 Bc5 15. Ne4 Be7 16. Bxg7 Rg8 17. Bb2 f5 18. Nc3 Bc5 19. a3 Nxe3 20. fxe3 Rxg3+ 21. Kh1 Rh3 22. Rc2 O-O-O 23. Nd5 exd5 24. cxd5 Rg8 25. dxc6 dxc6 26. Bd4 Bd6 27. Rff2 c5 28. b4 c4 29. b5 axb5 30. a4 Qg7 31. Rg2 Rxh2+ 32. Rxh2 Bxh2 33. Bxg7 Kc7 34. Rxh2 1-0


[Site "https://www.chess.com"]

[Event "Titled Tuesday Blitz April 11 Early 2023"]
[White "Karas, Marek"]
[Black "Keymer, Vincent"]
[WhiteFideId "14928558"]
[BlackFideId "12940690"]
[WhiteElo "2233"]
[BlackElo "2651"]
[Result "1-0"]
[Round "02"]
[TimeControl "180+2"]
[Date "2023.04.11"]
[WhiteClock "0:00:06"]
[BlackClock "0:00:04"]

1. d4 Nf6 2. Nf3 d5 3. c4 e6 4. Nc3 c6 5. cxd5 exd5 6. Bg5 Be7 7. e3 Bf5 8. Bd3 Bxd3 9. Qxd3 Nbd7 10. O-O O-O 11. Rab1 a5 12. a3 Re8 13. Bxf6 Nxf6 14. Nd2 Bd6 15. h3 Bc7 16. Rfe1 Qd6 17. Nf1 Ne4 18. Nxe4 Rxe4 19. Ng3 Re6 20. Qf5 Rae8 21. b4 b5 22. Qg4 Rg6 23. Qf3 Ree6 24. e4 dxe4 25. Rxe4 axb4 26. axb4 h6 27. Kf1 Rgf6 28. Rxe6 Qxe6 29. Qd3 Bxg3 30. Qxg3 Qc4+ 31. Kg1 Qxd4 32. Qb8+ Kh7 33. Qg3 Qf4 34. Qd3+ Qf5 35. Qxf5+ Rxf5 36. Rc1 Rf6 37. f3 g5 38. Kf2 Re6 39. Rc5 Kg6 40. g4 Kf6 41. Kg3 Ke7 42. h4 f6 43. h5 Kd7 44. Rf5 Rd6 45. Kf2 Ke8 46. Ke3 Ke7 47. Rc5 Kd7 48. Ke4 Rd1 49. Kf5 Rd4 50. Kg6 Rxb4 51. Kxh6 Rc4 52. Rxc4 bxc4 53. Kg7 c3 54. h6 c2 55. h7 c1=Q 56. h8=Q Qf4 57. Qg8 c5 58. Qd5+ Qd6 59. Qc4 Qe7+ 60. Kg6 Qd6 61. Qf7+ Kc6 62. Qc4 Kb6 63. Qb3+ Kc7 64. Qf7+ Kc6 65. Qe8+ Kd5 66. Qe4# 1-0


[Site "https://www.chess.com"]

[Event "Titled Tuesday Blitz April 11 Early 2023"]
[White "Bacallao Alonso, Yusnel"]
[Black "Yurasova, Daria"]
[WhiteFideId "3507416"]
[BlackFideId "34146919"]
[WhiteElo "2561"]
[BlackElo "2134"]
[Result "1-0"]
[Round "02"]
[TimeControl "180+2"]
[Date "2023.04.11"]
[WhiteClock "0:00:20"]
[BlackClock "0:00:11"]

1. d4 d5 2. c4 dxc4 3. Nf3 Nf6 4. e3 e6 5. Bxc4 a6 6. O-O b5 7. Be2 Bb7 8. a4 b4 9. Nbd2 Be7 10. Nc4 a5 11. b3 O-O 12. Bb2 Nbd7 13. Rc1 c5 14. Nfe5 Nxe5 15. dxe5 Nd5 16. Qc2 Qc7 17. Rfd1 Rfd8 18. Nd6 Rxd6 19. exd6 Bxd6 20. h3 Ne7 21. Qd3 Nd5 22. Bf3 Bf8 23. Qc2 Rc8 24. Rd2 Bc6 25. Rcd1 Qb7 26. e4 Nb6 27. Rd8 Qc7 28. Rxf8+ Rxf8 29. Qxc5 Qb7 30. Rd6 Rc8 31. Qd4 Nd7 32. Qxg7# 1-0


[Site "https://www.chess.com"]

[Event "Titled Tuesday Blitz April 11 Early 2023"]
[White "Devaev, Alexander"]
[Black "Riehle, Marco"]
[WhiteFideId "4169395"]
[BlackFideId "12904392"]
[WhiteElo "2204"]
[BlackElo "2462"]
[Result "0-1"]
[Round "02"]
[TimeControl "180+2"]
[Date "2023.04.11"]
[WhiteClock "0:00:01"]
[BlackClock "0:01:57"]

1. d4 d5 2. c4 e6 3. Nc3 c5 4. cxd5 cxd4 5. Qxd4 Nc6 6. Qd1 exd5 7. e3 d4 8. exd4 Qxd4 9. Be3 Qxd1+ 10. Rxd1 Bb4 11. Ne2 Be6 12. a3 Ba5 13. b4 Nxb4 14. axb4 Bxb4 15. Rc1 Nf6 16. Bd2 O-O 17. Ne4 Bxd2+ 18. Nxd2 Rfd8 19. Nc3 a6 20. Be2 b5 21. Ndb1 b4 22. Na4 a5 23. Bf3 Rac8 24. Rxc8 Rxc8 25. Ke2 Bb3 26. Nb6 Re8+ 27. Kd2 g6 28. Re1 Rb8 29. Re3 Rxb6 30. Rxb3 a4 31. Re3 a3 32. Nxa3 bxa3 33. Rxa3 Kg7 34. g3 h5 35. h4 Rb4 36. Ke3 Nd7 37. Ra7 Ne5 38. Bd5 Kf6 39. f4 Ng4+ 40. Kf3 Nh6 41. Ba2 Rb2 42. Ra6+ Kg7 43. Ra7 Rc2 44. f5 Nxf5 45. Rxf7+ Kh6 46. Ra7 Rc3+ 47. Kf4 Nxg3 48. Bg8 Ne2+ 49. Ke5 g5 50. hxg5+ Kxg5 51. Bd5 Re3+ 0-1


[Site "https://www.chess.com"]

[Event "Titled Tuesday Blitz April 11 Early 2023"]
[White "Rodshtein, Maxim"]
[Black "Titichoca Daza, Daniel"]
[WhiteFideId "2806851"]
[BlackFideId "3309550"]
[WhiteElo "2555"]
[BlackElo "2101"]
[Result "1-0"]
[Round "02"]
[TimeControl "180+2"]
[Date "2023.04.11"]
[WhiteClock "0:00:17"]
[BlackClock "0:00:04"]

1. e4 c6 2. Nf3 d5 3. d3 Bg4 4. h3 Bxf3 5. Qxf3 e6 6. g3 Nd7 7. Bg2 g6 8. Qe2 Ne7 9. O-O Bg7 10. Nd2 O-O 11. f4 a5 12. Kh2 a4 13. a3 b5 14. Nf3 Rb8 15. e5 c5 16. Be3 d4 17. Bf2 Nd5 18. Ng5 N7b6 19. h4 b4 20. Ne4 Qc7 21. h5 bxa3 22. bxa3 Nd7 23. Rab1 Rxb1 24. Rxb1 Rb8 25. Rxb8+ Qxb8 26. Qd2 Qb2 27. Qa5 Qxc2 28. Qd8+ Nf8 29. Qe8 Ne3 30. Bxe3 dxe3 31. Ng5 e2 32. Qxf7+ Kh8 33. Nxe6 Nxe6 34. Qxe6 Bh6 35. Qf6+ 1-0


[Site "https://www.chess.com"]

[Event "Titled Tuesday Blitz April 11 Early 2023"]
[White "Kopczynski, Michal"]
[Black "Csonka, Balazs"]
[WhiteFideId "1124200"]
[BlackFideId "742910"]
[WhiteElo "2212"]
[BlackElo "2404"]
[Result "1/2-1/2"]
[Round "02"]
[TimeControl "180+2"]
[Date "2023.04.11"]
[WhiteClock "0:00:03"]
[BlackClock "0:00:03"]

1. e4 c5 2. d4 cxd4 3. c3 dxc3 4. Nxc3 Nc6 5. f4 e6 6. Nf3 Bc5 7. Bd3 Nge7 8. Qe2 O-O 9. e5 h6 10. Bd2 d5 11. exd6 Bxd6 12. O-O Nd5 13. f5 Nxc3 14. Bxc3 exf5 15. Rad1 Qc7 16. Kh1 Be6 17. Nh4 Rfe8 18. Qh5 Ne5 19. Bxf5 Rad8 20. Rxd6 Rxd6 21. Bxe5 Qc4 22. Re1 Bxf5 23. Nxf5 Rde6 24. h3 Rxe5 25. Rxe5 Rxe5 26. Nxh6+ gxh6 27. Qxe5 Qxa2 28. Qb8+ Kg7 29. Qxb7 a5 30. Qb5 a4 31. Qe5+ Kf8 32. Qb8+ Ke7 33. Qe5+ Kd7 34. Qd4+ Kc6 35. Qf6+ Kb5 36. h4 Kb4 37. h5 Qc4 38. Qxh6 Kb3 39. Qd2 Qh4+ 40. Kg1 Qxh5 41. Qc3+ Ka2 42. Qa3+ Kb1 43. Qxa4 Qc5+ 44. Kf1 Qc1+ 45. Ke2 Qxb2+ 46. Kf3 Qf6+ 47. Qf4 Qc3+ 48. Qe3 Qf6+ 49. Qf4 Qc3+ 50. Kg4 Qg7+ 51. Kf3 Qc3+ 1/2-1/2


[Site "https://www.chess.com"]

[Event "Titled Tuesday Blitz April 11 Early 2023"]
[White "Karttunen, Mika"]
[Black "Mazurkiewicz, Michal"]
[WhiteFideId "502081"]
[BlackFideId "1124943"]
[WhiteElo "2396"]
[BlackElo "2054"]
[Result "0-1"]
[Round "02"]
[TimeControl "180+2"]
[Date "2023.04.11"]
[WhiteClock "0:00:02"]
[BlackClock "0:00:11"]

1. e4 d6 2. Nc3 Nf6 3. f4 g6 4. Nf3 Bg7 5. d4 O-O 6. Be2 c5 7. Be3 cxd4 8. Nxd4 Nc6 9. Qd2 Qa5 10. Nb3 Qc7 11. h3 a6 12. g4 b5 13. g5 Nh5 14. Nd5 Qd8 15. Bxh5 gxh5 16. f5 Bxb2 17. Rb1 Be5 18. Rg1 e6 19. Nf6+ Kh8 20. Nxh5 exf5 21. Nd4 Nxd4 22. Bxd4 fxe4 23. Rf1 Bxh3 24. Rf2 e3 25. Qxe3 Re8 26. Kd2 Qa5+ 27. Kd3 Bg4 28. Rb3 Bxh5 29. Bxe5+ Rxe5 30. Qf4 Bg6+ 31. Kd4 0-1


[Site "https://www.chess.com"]

[Event "Titled Tuesday Blitz April 11 Early 2023"]
[White "Toktomushev, Teimur"]
[Black "Matinian, Nikita"]
[WhiteFideId "14176726"]
[BlackFideId "24129100"]
[WhiteElo "2116"]
[BlackElo "2422"]
[Result "0-1"]
[Round "02"]
[TimeControl "180+2"]
[Date "2023.04.11"]
[WhiteClock "0:00:02"]
[BlackClock "0:00:46"]

1. d4 Nf6 2. c4 e6 3. Nf3 Bb4+ 4. Bd2 a5 5. g3 b6 6. Bg2 Bb7 7. O-O O-O 8. Bf4 Ne4 9. a3 Be7 10. Qc2 f5 11. Re1 Na6 12. Nfd2 g5 13. Be3 d5 14. f3 Nxd2 15. Nxd2 f4 16. Bf2 Bd6 17. e4 fxe3 18. Rxe3 Qf6 19. Rae1 Rae8 20. R3e2 Nb8 21. Bh3 e5 22. dxe5 Rxe5 23. Rxe5 Bxe5 24. Bg4 c5 25. cxd5 Bxd5 26. Nc4 Bd4 27. Ne3 Bxf3 28. Bxf3 Qxf3 29. Nd1 Nc6 30. Bxd4 Nxd4 31. Qg2 g4 32. Nc3 Kg7 33. Kh1 Rf7 34. Kg1 h5 35. Rf1 Qxf1+ 36. Qxf1 Rxf1+ 37. Kxf1 Nb3 38. Nd5 Nd2+ 39. Ke2 Nc4 40. b3 Nxa3 41. Nxb6 Nc2 42. Kd3 Nd4 43. Nc4 Nxb3 44. Kc3 a4 45. Nb6 Nd4 46. Nxa4 Nf3 47. Nxc5 Nxh2 48. Kd3 Kg6 49. Ke3 Kf5 50. Nd3 Nf1+ 51. Kf2 Nd2 52. Nf4 Ne4+ 53. Kg2 h4 54. Ne2 h3+ 55. Kh2 Nd2 0-1


[Site "https://www.chess.com"]

[Event "Titled Tuesday Blitz April 11 Early 2023"]
[White "Yeritsyan, Hayk"]
[Black "Garcia Pantoja, Roberto"]
[WhiteFideId "13307320"]
[BlackFideId "3509265"]
[WhiteElo "2417"]
[BlackElo "2542"]
[Result "0-1"]
[Round "02"]
[TimeControl "180+2"]
[Date "2023.04.11"]
[WhiteClock "0:00:05"]
[BlackClock "0:00:06"]

1. e4 c5 2. Nc3 d6 3. Bb5+ Bd7 4. Nf3 Bxb5 5. Nxb5 a6 6. Nc3 Nc6 7. O-O g6 8. d4 cxd4 9. Nxd4 Bg7 10. Be3 Nf6 11. Re1 O-O 12. Nd5 Nd7 13. c3 e6 14. Nxc6 bxc6 15. Nb4 Ne5 16. Qe2 a5 17. Nd3 Nxd3 18. Qxd3 d5 19. Bc5 Re8 20. a4 Rb8 21. Re2 dxe4 22. Qxe4 Qd5 23. Qxd5 cxd5 24. Kf1 Rec8 25. Be3 Rb3 26. Ke1 Rcb8 27. Ra2 e5 28. Rd2 Rd8 29. Kd1 f5 30. f4 e4 31. Kc2 Rbb8 32. Ra1 Kf7 33. Rad1 Ke6 34. b3 Bf6 35. Bd4 Be7 36. Be5 Rbc8 37. Kb2 g5 38. g3 g4 39. Rc2 h5 40. Bd4 h4 41. Bb6 Rh8 42. Bxa5 hxg3 43. hxg3 Rh3 44. Rg2 Bf6 45. Bb4 Rc6 46. a5 d4 47. cxd4 Kd5 48. Bc3 Be7 49. Rc1 Bd6 50. Bd2 Rxc1 51. Bxc1 Kxd4 52. Rd2+ Kc5 53. b4+ Kc6 54. Rc2+ Kb5 55. Rd2 Bxb4 56. Rd5+ Kc4 57. Rxf5 Rxg3 58. a6 Rg2+ 59. Kb1 Rh2 60. a7 Rh8 61. Be3 Kd3 62. Bb6 Ra8 63. Rd5+ Ke2 64. Rd4 Bd2 65. Rxe4+ Kf3 66. Rd4 Bxf4 67. Kc2 g3 68. Rd3+ Ke4 69. Rd4+ Kf3 70. Rd3+ Kg4 71. Rd1 g2 72. Kb3 Kf3 73. Kc4 Ke2 74. Rb1 Be3 75. Bxe3 Kxe3 76. Ra1 Kf2 77. Kb5 Rxa7 78. Rxa7 g1=Q 79. Rf7+ Ke2 80. Rc7 Kd3 81. Rd7+ Kc3 82. Rc7+ Kb3 83. Rc5 Qd4 84. Rc6 Qd3+ 85. Kc5 Qc4+ 86. Kd6 Qd4+ 87. Ke6 Kb4 88. Rd6 Qe4+ 89. Kf6 Kc5 90. Re6 Qf4+ 91. Ke7 Kd5 92. Rf6 Qc7+ 93. Kf8 Ke5 94. Rg6 Kf5 95. Rg7 Qd8+ 96. Kf7 Qd5+ 97. Kf8 Kf6 98. Re7 Qd8+ 99. Re8 Qc7 0-1


[Site "https://www.chess.com"]